 Dungeon Crawl Stone Soup version 0.29.1 (webtiles) character file.

Game seed: 12022400030350292514

461 sanboga the Shield-Bearer (level 7, -1/44 HPs)
             Began as a Gargoyle Fighter on Sept 13, 2022.
             Was an Initiate of Trog.
             Splashed by a jelly's acid (7 damage)
             ... on level 4 of the Dungeon.
             The game lasted 00:06:12 (2835 turns).

sanboga the Shield-Bearer (Gargoyle Fighter)        Turns: 2835, Time: 00:06:12

Health: -1/44      AC: -2    Str: 21    XL:     7   Next: 7%
Magic:  7/7        EV:  8    Int:  9    God:    Trog [......]
Gold:   220        SH:  9    Dex: 15    Spells: 6/6 levels left

rFire   . . .      SeeInvis .   j - +2 hand axe (elec)
rCold   . . .      Faith    .   i - +0 kite shield
rNeg    + . .      Spirit   .   b - +0 scale mail
rPois   ∞          Reflect  .   (no helmet)
rElec   +          Harm     .   (no cloak)
rCorr   .          Rampage  .   (no gloves)
Will    .....                   u - +0 pair of boots
Stlth   ..........              c - amulet of regeneration
HPRegen 0.94/turn               v - +6 ring of dexterity
MPRegen 0.10/turn               (no ring)

@: mighty, corroded
A: sickness immunity, AC +4, negative energy resistance 1, electricity
resistance, torment resistance 1, petrification resistance
a: Renounce Religion


You were on level 4 of the Dungeon.
You worshipped Trog.
Trog was noncommittal.
You visited 1 branch of the dungeon, and saw 4 of its levels.

You collected 220 gold pieces.

Inventory:

Hand Weapons
 a - a +0 war axe
 j - a +2 hand axe of electrocution (weapon)
Armour
 b - a +0 scale mail (worn)
 i - a +0 kite shield (worn)
 u - a +0 pair of boots (worn)
Jewellery
 c - an amulet of regeneration (around neck)
 v - a +6 ring of dexterity (left hand)
Wands
 t - a wand of mindburst (17)
Scrolls
 f - 2 scrolls of enchant weapon {unknown}
 h - a scroll of torment {unknown}
 k - 2 scrolls of magic mapping {unknown}
 n - a scroll of teleportation {unknown}
 o - 2 scrolls of enchant armour
 r - a scroll of brand weapon
 s - a scroll of poison {unknown}
Potions
 e - 4 potions of lignification {unknown}
 g - 2 potions of mutation {unknown}
 l - 2 potions of curing
 m - a potion of ambrosia {unknown}
 p - a potion of degeneration {unknown}
 q - 2 potions of haste
 w - a potion of resistance {unknown}


   Skills:
 + Level 4.8 Fighting
 * Level 4.4 Axes
 + Level 4.7 Armour
 + Level 4.8 Shields


You had 6 spell levels left.
You didn't know any spells.
Your spell library contained the following spells:

 Spells                   Type           Power      Damage    Failure   Level
 Sandblast                Erth           0%         2d4       97%         1
 Ensorcelled Hibernation  Hex/Ice        0%         N/A       99%         2
 Passwall                 Tmut/Erth      0%         N/A       99%         2
 Stone Arrow              Conj/Erth      0%         3d7       100%        3
 Swiftness                Air            0%         N/A       100%        3


Dungeon Overview and Level Annotations

Branches:
Dungeon (4/15)
 Temple: D:4-7

Altars:
Dithmenos
Fedhas
Makhleb
Trog
Xom

Shops:
D:2 *


Innate Abilities, Weirdness & Mutations

You are immune to sickness and miasma.
Your stone body is resilient. (AC +4)
You are immune to poison.
You resist negative energy. (rN+)
You are resistant to electric shocks. (rElec)
You are resistant to unholy torment.
You are immune to petrification.


Message History

Found four items.
The jelly quivers.
The endoplasm quivers. x3; The jelly quivers.
The endoplasm quivers.
There is an open door here.
You feel very mighty all of a sudden.
The endoplasm jiggles.
You hit the jelly. The acid corrodes you!
Your hands burn!
The jelly is lightly wounded.
You hit the jelly. The acid corrodes you!
Your hands burn!
The endoplasm hits the fungus.
The fungus begins to die.
The endoplasm hits the fungus.
The fungus begins to die.
The jelly closely misses you.
You slash the jelly!
Your hands burn!
The jelly is almost dead.
You hit the jelly.
Your hands burn!
You hit the endoplasm.
You kill the endoplasm!
Trog accepts your kill.
The endoplasm hits the fungus. x3; The jelly closely misses you.
The endoplasm hits the fungus.
The fungus begins to die.
The jelly hits you. The acid corrodes you!
You are splashed with acid!
You hit the jelly.
Your hands burn!
The jelly is almost dead.
You hit the jelly but do no damage.
Your hands burn!
You barely miss the endoplasm.
The endoplasm hits the fungus. x3
The jelly hits you.
* * * LOW HITPOINT WARNING * * *
The acid corrodes you!
You are splashed with acid!
* * * LOW HITPOINT WARNING * * *
The endoplasm hits you.
* * * LOW HITPOINT WARNING * * *
The endoplasm hits the fungus.
The jelly hits you but does no damage.
The endoplasm hits the fungus.
Something hits the fungus.
You hit the jelly. Lightning courses through the jelly!!
You kill the jelly!
Trog accepts your kill.
A nearby fungus withers and dies.
The jelly hits you.
* * * LOW HITPOINT WARNING * * *
The acid corrodes you!
You are splashed with acid!
You die...

#...#.... ### ##..###..
#).÷.÷.##.#########...'..
#P.P...#.#.#....###..##..
#....÷.#.#.#.....##...'..
#..P.P.#)#'#......'...#..
#..÷JJJ#.#..[.....'...#..
#P.÷PPJ#.#........'...#..
#...JJ.#@#.......##...#..
#P.P.÷JJ##......###)..###
#......########## #.#.#
####### ######...#
######.....#..#
#....'........#
#.........#
#.####......#.#
#.........+ #........#
#.........# #.....<..#


You could see a jelly and an endoplasm.

Vanquished Creatures
  A phantom (D:4)
  Dowan (D:4)
  4 hounds
  A jelly (D:4)
  2 orc wizards (D:3)
  6 adders
  A shadow imp (D:4)
  An ufetubus (D:4)
  2 dart slugs
  8 orcs
  3 bats
  10 endoplasms
  2 giant cockroaches
  3 goblins
  7 hobgoblins
  11 jackals
  4 quokkas
  6 ball pythons
  4 frilled lizards
  16 kobolds
  A rat (D:3)
  A spectral kobold (D:1)
95 creatures vanquished.

Vanquished Creatures (others)
  A jackal (D:3)
  3 fungi (D:4)
  4 toadstools (D:4)
8 creatures vanquished.

Grand Total: 103 creatures vanquished

Notes
Turn   | Place    | Note
-------+----------+-------------------------------------------
     0 | D:1      | sanboga the Gargoyle Fighter began the quest for the Orb.
     0 | D:1      | Reached XP level 1. HP: 14/14 MP: 1/1
   282 | D:1      | Reached XP level 2. HP: 11/19 MP: 2/2
   490 | D:1      | Reached XP level 3. HP: 16/23 MP: 3/3
   819 | D:1      | Found a faded altar of an unknown god.
  1295 | D:2      | Found Risiwu's General Store.
  1521 | D:2      | Reached XP level 4. HP: 29/29 MP: 4/4
  1637 | D:3      | Found a shimmering altar of Xom.
  1663 | D:3      | Reached XP level 5. HP: 28/33 MP: 5/5
  1848 | D:3      | Found a burning altar of Makhleb.
  1974 | D:3      | Found a blossoming altar of Fedhas.
  2222 | D:4      | Noticed a phantom
  2230 | D:4      | Killed a phantom
  2231 | D:4      | Reached XP level 6. HP: 39/39 MP: 6/6
  2231 | D:4      | Found a shadowy altar of Dithmenos.
  2488 | D:4      | Identified the +1 leather armour "Ucrada" {rPois rC- rCorr
                  | Dex+7}
  2547 | D:4      | Noticed Dowan
  2556 | D:4      | Killed Dowan
  2557 | D:4      | Reached XP level 7. HP: 18/44 MP: 7/7
  2630 | D:4      | Found a bloodstained altar of Trog.
  2774 | D:4      | Became a worshipper of Trog the Wrathful
  2813 | D:4      | Identified the +1 ring mail "Heruzaetsi" {Will- Dex+6
                  | Slay+3}
  2835 | D:4      | Splashed by a jelly's acid

Illustrated notes

Levels and vault maps discovered:
D:1:      dpeg_arrival_three_smaller_balls, layout_basic,
          dreamdust_ecumenical_altar_drowned_temple, glass_columns_a
D:2:      layout_loops_ring, serial_shops, shop
D:3:      layout_basic, lemuel_doored_altar,
          mainiacjoe_overflow_surrounded_room,
          mainiacjoe_overflow_concentric_impassable
D:4:      cheibrodos_fertilizer, layout_basic, nicolae_dithmenos_shadow_blocks,
          mainiacjoe_overflow_paths, kennysheep_dice, uniq_duvessa

Skill      XL: |  1  2  3  4  5  6 |
---------------+-------------------+-----
Axes           | 2 3 4 |  4.4
Fighting       | 4 |  4.8
Armour         | 4 |  4.7
Shields        | 4 |  4.8

Action                   |  1- 3 |  4- 6 |  7- 9 || total
-------------------------+-------+-------+-------++-------
Melee: War axe           |    73 |       |       ||    73
       Hand axe          |    22 |   162 |    20 ||   204
  Use: Scroll            |       |     6 |       ||     6
       Potion            |       |       |     1 ||     1
Armor: Scale mail        |    64 |   104 |     6 ||   174
Dodge: Dodged            |    54 |    68 |     6 ||   128
Block: Buckler           |    11 |       |       ||    11
       Kite shield       |    25 |    60 |    10 ||    95
